 Dungeon Crawl Stone Soup version 0.25.1-1-g288607f5aa (webtiles) character file.

Game seed: 16177977002930659509

92 Ijustatesigmund the Ducker (level 4, 0/31 HPs)
             Began as an Octopode Fighter on July 23, 2020.
             Slain by Sigmund
             ... wielding a +1 scythe of venom
              (7 damage)
             ... on level 2 of the Dungeon.
             The game lasted 00:01:43 (1458 turns).

Ijustatesigmund the Ducker (Octopode Fighter)       Turns: 1458, Time: 00:01:44

Health: 0/31       AC:  1    Str: 15    XL:     4   Next: 60%
Magic:  4/4        EV: 12    Int: 10    God:
Gold:   62         SH:  9    Dex: 12    Spells: 3/3 levels left

rFire    . . .     SeeInvis .   a - +0 war axe
rCold    + . .     Gourm    .   b - +0 kite shield
rNeg     . . .     Faith    .   (helmet restricted)
rPois    .         Spirit   .   (no amulet)
rElec    .         Reflect  .   f - ring of protection from cold
rCorr    .         Harm     .   (no ring)
MR       .....                  (no ring)
Stlth    ++........             (no ring)
HPRegen  0.10/turn              (no ring)
MPRegen  0.09/turn              (no ring)
                                (no ring)
                                (no ring)

@: mighty, lethally poisoned (0 -> -6)
A: almost no armour, stealthy swim, amphibious, 8 rings, constrict 8, camouflage
1, gelatinous body 1
a: no special abilities


You were on level 2 of the Dungeon.
You were not hungry.

You visited 1 branch of the dungeon, and saw 2 of its levels.

You collected 62 gold pieces.

Inventory:

Hand Weapons
 a - a +0 war axe (weapon)
Armour
 b - a +0 kite shield (worn)
Jewellery
 f - a ring of protection from cold (left tentacle)
Potions
 e - a potion of haste
 g - a potion of stabbing
 h - a potion of flight {unknown}
 j - a potion of mutation {unknown}
Comestibles
 d - 3 rations
 i - 2 chunks of flesh


   Skills:
 + Level 3.5 Fighting
 * Level 3.3 Axes
 + Level 3.5 Dodging
 + Level 3.5 Shields


You had 3 spell levels left.
You didn't know any spells.
Your spell library was empty.

Dungeon Overview and Level Annotations

Branches:
Dungeon (2/15)

Altars:
Nemelex Xobeh

Annotations:
D:2 Sigmund


Innate Abilities, Weirdness & Mutations

You cannot wear most types of armour.
You are very stealthy in the water. (Stealth+)
You are amphibious.
You can wear up to eight rings at the same time.
You can use your tentacles to constrict eight enemies at once.
Your skin changes colour to match your surroundings (Stealth+).
Your rubbery body absorbs attacks. (AC +1, EV +1)


Message History

You feel very mighty all of a sudden.
Sigmund casts a spell.
Sigmund flickers and vanishes!
Deactivating autopickup; reactivate with Ctrl-A.
No target in view!
No target in view!
Something hits you.
You are poisoned.
You feel sick.
Found a viscous emerald potion.
You closely miss something. Your squeeze misses something.
You feel sick. You block something's attack.
You closely miss something.
You feel sick. Something hits you!
You closely miss something. You squeeze something!
You feel sick.
You hear some strange, mumbled words.
Something tries to affect you, but you resist.
Something hits you!
* * * LOW HITPOINT WARNING * * *
You closely miss something.
You feel sick. Something hits you!
You die...

#.##..#...
#.#...#.#
#.......#
######..#
#..# #..#
#..# #..#
#@.# #{.#
#....
#...##
#...#
#...#
#...#
...!#


There were no monsters in sight!

Vanquished Creatures
  Jessica (D:2)
  Terence (D:2)
  An adder (D:2)
  2 leopard geckos
  5 goblins (D:1)
  4 hobgoblins (D:1)
  8 jackals (D:1)
  2 frilled lizards (D:1)
  2 kobolds (D:1)
  A rat (D:1)
27 creatures vanquished.

Notes
Turn   | Place    | Note
-------+----------+-------------------------------------------
     0 | D:1      | Ijustatesigmund the Octopode Fighter began the quest for
                  | the Orb.
     0 | D:1      | Reached XP level 1. HP: 16/16 MP: 1/1
   298 | D:1      | Reached XP level 2. HP: 5/21 MP: 2/2
   880 | D:1      | Reached XP level 3. HP: 19/26 MP: 3/3
  1243 | D:1      | Found a sparkling altar of Nemelex Xobeh.
  1304 | D:2      | Noticed Terence
  1311 | D:2      | Killed Terence
  1311 | D:2      | Reached XP level 4. HP: 21/31 MP: 4/4
  1432 | D:2      | Noticed Jessica
  1437 | D:2      | Killed Jessica
  1448 | D:2      | Noticed Sigmund
  1458 | D:2      | Slain by Sigmund

Illustrated notes

Levels and vault maps discovered:
D:1:      minmay_arrival_checkered_box, layout_loops_ring,
          nemelex_diamond_rough_becter
D:2:      layout_basic, uniq_sigmund, uniq_jessica, uniq_terence, uniq_robin

Skill      XL: |  1  2  3 |
---------------+----------+-----
Axes           | 3 |  3.3
Fighting       | |  3.5
Dodging        | |  3.5
Shields        | |  3.5

Action                   |  1- 3 |  4- 6 || total
-------------------------+-------+-------++-------
Melee: War axe           |    50 |     7 ||    57
       Constrict         |    15 |       ||    15
       Tentacles         |     1 |     2 ||     3
  Use: Scroll            |     3 |       ||     3
       Potion            |       |     1 ||     1
 Stab: Sleeping          |     5 |     1 ||     6
  Eat: Chunk             |     1 |     1 ||     2
Dodge: Dodged            |    18 |       ||    18
Block: Kite shield       |    17 |     1 ||    18
